 Dungeon Crawl Stone Soup version 0.17.1-3-g152610e (webtiles) character file.

68033 Peloso the Fencer (level 14, 0/130 HPs)
             Began as a Minotaur Fighter on Apr 16, 2016.
             Was the Champion of Okawaru.
             Slain by an ettin skeleton (20 damage)
             ... on level 15 of the Dungeon.
             The game lasted 01:18:45 (22183 turns).

Peloso the Fencer (Minotaur Fighter)               Turns: 22183, Time: 01:18:45

Health: 0/130      AC: 22    Str: 27    XL:     14   Next: 85%
Magic:  14/14      EV: 11    Int:  5    God:    Okawaru [******]
Gold:   2145       SH: 15    Dex: 12    Spells: 0 memorised, 13 levels left

rFire  . . .     SeeInvis +     W - +4 scimitar (flame)
rCold  + . .     Clarity  .     H - +0 plate armour
rNeg   + + +     SustAt   .     c - +0 shield
rPois  +         Gourm    .     F - +0 hat {SInv}
rElec  .         Spirit   .     h - +0 cloak "Oclenuq" {-Tele rPois rN+++ Regen+}
rCorr  .         Warding  .     a - +0 pair of gloves {Str+3}
rMut   +         NoTele   +     t - +2 pair of boots {run}
MR     +....                    G - amulet of resist mutation
Stlth  ..........               S - ring of flight
                                B - ring of protection from cold

@: quick, somewhat resistant to hostile enchantments, extremely unstealthy
A: retaliatory headbutt, horns 2
a: Heroism, Finesse, Renounce Religion, Evoke Flight


You were on level 15 of the Dungeon.
You worshipped Okawaru.
Okawaru was exalted by your worship.
You were hungry.

You visited 3 branches of the dungeon, and saw 20 of its levels.

You collected 2187 gold pieces.
You spent 42 gold pieces at shops.

Inventory:

Hand Weapons
 y - the +1 trident of Pegyu {holy, +Inv rN+ SInv Stlth+}
   (You found it on level 15 of the Dungeon)

   It has been blessed by the Shining One to cause great damage to the undead
   and demons.
   It protects you from negative energy.
   It lets you see invisible.
   It lets you turn invisible.
   It makes you more stealthy.
 A - a +3 scimitar of flaming
 J - the +11 morningstar "Eos" {elec, -Tele rElec SInv}
   (You found it on level 5 of the Dungeon)

   Occasionally, upon striking a foe, it will discharge some electrical energy
   and cause terrible harm.
   It insulates you from electricity.
   It lets you see invisible.
   It prevents most forms of teleportation.
 L - the +2 scimitar of Evisceration {speed, Int+2}
   (Okawaru gifted it to you on level 13 of the Dungeon)

   Attacks with this weapon are significantly faster.
   It affects your intelligence (+2).
 W - a +4 scimitar of flaming (weapon)
Armour
 a - a +0 pair of gloves of strength (worn)
 c - a +0 shield (worn)
 h - the +0 cloak "Oclenuq" (worn) {-Tele rPois rN+++ Regen+}
   (You acquired it on level 13 of the Dungeon)

   It protects you from poison.
   It renders you almost immune to negative energy.
   It prevents most forms of teleportation.
   It increases your rate of regeneration.
 j - a +2 cloak
 s - a +1 pair of gloves
 t - a +2 pair of boots of running (worn)
 F - a +0 hat of see invisible (worn)
 H - a +0 plate armour (worn)
Jewellery
 f - an uncursed ring of sustain attributes
 n - an uncursed amulet of warding
 B - a ring of protection from cold (left hand)
 E - an uncursed ring of ice
 G - an amulet of resist mutation (around neck)
 R - an uncursed ring of fire
 S - a ring of flight (right hand)
Wands
 x - a wand of draining (1)
 C - a wand of draining (7)
 I - a wand of enslavement (15)
 M - a wand of digging (18)
 Q - a wand of digging (23)
Scrolls
 b - 3 scrolls of amnesia
 g - a scroll of identify
 l - 6 scrolls of teleportation
 o - 3 scrolls of blinking {unknown}
 r - 4 scrolls of remove curse
 u - a scroll of vulnerability {unknown}
 v - 2 scrolls of fear
 w - 3 scrolls of enchant weapon
 K - 4 scrolls of recharging
 O - 2 scrolls of enchant armour
 U - 4 scrolls of magic mapping
Potions
 d - a potion of cancellation
 i - a potion of heal wounds
 p - 2 potions of flight
 q - 3 potions of curing
 D - a potion of might
 P - 2 potions of resistance
Comestibles
 e - 10 bread rations
 k - 3 chunks of flesh
 m - 7 meat rations
 z - 9 fruits
 T - 15 royal jellies


   Skills:
 + Level 13.8 Fighting
 + Level 16.6 Long Blades
 + Level 0.2 Maces & Flails
 + Level 13.2 Armour
 + Level 6.7 Dodging
 + Level 1.2 Stealth
 + Level 16.5 Shields
 + Level 2.1 Invocations
 + Level 0.3 Evocations


You had 13 spell levels left.
You didn't know any spells.

Dungeon Overview and Level Annotations

Branches:
Dungeon (15/15)            Temple (1/1) D:5            Lair (0/8) D:8
    Orc (4/4) D:12            Elf (0/3) Orc:3        Vaults (0/5) D:14
 Depths (0/5) D:15

Altars:
Ashenzari
Cheibriados
Dithmenos
Elyvilon
Fedhas
Gozag
Kikubaaqudgha
Makhleb
Nemelex Xobeh
Okawaru
Qazlal
Ru
Sif Muna
Trog
Vehumet
Xom
Yredelemnul
Zin
The Shining One

Shops:
D:4 (   D:5 }   D:9 ?   D:11 *   Orc:2 =   Orc:4 *%[(?*[:


Innate Abilities, Weirdness & Mutations

You reflexively headbutt those who attack you in melee.
You have a pair of horns on your head.


Message History

The sphinx zombie hits you but does no damage.
The sphinx zombie hits you.
* * * LOW HITPOINT WARNING * * *
Unknown command.
You open the sphinx zombie like a pillowcase!!!
You burn the sphinx zombie.
You destroy the sphinx zombie!
Okawaru accepts your kill. You block the ettin skeleton's attack.
The ettin skeleton completely misses you.
Unknown command.
You slash the ettin skeleton! You burn the ettin skeleton.
You slice the ettin skeleton!! You burn the ettin skeleton.
You headbutt the ettin skeleton! The ettin skeleton barely misses you.
The ettin skeleton hits you!!
* * * LOW HITPOINT WARNING * * *
You hit the ettin skeleton. You burn the ettin skeleton.
You headbutt the ettin skeleton, but do no damage.
You block the ettin skeleton's attack. The ettin skeleton hits you!!
You die...

...P...8......
####.....8..8P8..
.............PP8.
......P.......P..
........P..>.....
.................
....88..8..8.8P.
#############P.[Z.P...P..
................@........
................P...8....
.....)).........P.....P..
......).............#....
....#######.....#########
..^.# .......# ....#
........# ....#
..........# ....#
.......?..#


You could see an ettin skeleton.

Vanquished Creatures
  Gastronok (Orc:2)
  Kirke (D:14)
  An orc warlord (Orc:3)
  Nessos (D:13)
  Azrael (D:13)
  Snorg (D:14)
  Josephine (D:14)
  Fannar (Orc:1)
  3 hydras
  Harold (Orc:1)
  Erolcha (D:9)
  Erica (D:9)
  3 centaur warriors
  4 tengu warriors
  A vampire mage (D:15)
  5 orc high priests (Orc:4)
  Nergalle (Orc:1)
  2 skeletal warriors (D:15)
  An unseen horror (D:12)
  A deep elf knight (D:14)
  A wizard (D:14)
  Pikel (D:4)
  9 hill giants
  2 manticores
  5 orc knights (Orc:4)
  4 necromancers
  A sphinx zombie (D:15)
  9 ugly things
  A frost giant zombie (D:15)
  An orc sorcerer (Orc:2)
  The ghost of CcS the Insei, a novice OpTm of Gozag (D:7)
  A frost giant skeleton (D:15)
  Maurice (D:12)
  An elephant (D:8)
  A gargoyle (D:12)
  A spiny frog (shapeshifter) (D:13)
  A komodo dragon (D:14)
  3 molten gargoyles (D:13)
  2 tengu conjurers (D:14)
  6 trolls
  A queen bee (D:13)
  A trapdoor spider (D:12)
  9 slime creatures
  Sigmund (D:5)
  2 wyverns
  A deep elf mage (D:14)
  18 yaks
  20 humans (D:14)
  A vampire (D:14)
  2 fire elementals
  A basilisk (D:12)
  A hippogriff (D:14)
  3 wraiths (D:14)
  4 hogs (D:14)
  2 hungry ghosts
  Grum (D:9)
  A mottled dragon (D:12)
  4 wargs
  Menkaure (D:7)
  4 wolves (D:9)
  Edmund (D:5)
  A water moccasin (D:9)
  4 hell hounds (D:13)
  A sky beast (D:5)
  A wasp (D:14)
  A black bear (D:9)
  2 phantoms
  40 orc warriors
  6 ice beasts
  7 ogres
  25 centaurs
  2 crocodiles (D:8)
  8 giant frogs
  Blork the orc (D:5)
  5 big kobolds
  A wyvern zombie (D:11)
  17 killer bees (D:13)
  6 scorpions
  3 spriggan skeletons (D:12)
  3 electric eels (D:11)
  6 crimson imps
  2 giant frog skeletons
  3 jellies
  A lava snake (D:13)
  5 iguanas
  A centaur zombie (D:12)
  Crazy Yiuf (D:5)
  Ijyb (D:2)
  3 centaur skeletons
  22 orc wizards
  Terence (D:2)
  4 hounds
  38 orc priests
  A killer bee zombie (D:11)
  9 worker ants
  2 hound skeletons
  2 worker ant zombies
  7 gnolls
  12 adders
  A worm (D:3)
  3 giant geckos
  177 orcs
  A ball python (D:3)
  4 giant cockroaches
  20 goblins
  12 hobgoblins
  10 jackals
  3 quokkas
  12 bats
  A giant cockroach zombie (D:6)
  5 giant newts
  2 gnoll zombies (D:3)
  24 kobolds
  9 rats
702 creatures vanquished.

Vanquished Creatures (others)
  A molten gargoyle (D:13)
  A human (D:14)
  A slave (D:4)
  A worm (D:4)
  6 orcs
  A goblin (D:1)
  A kobold (D:1)
  A quokka skeleton (D:4)
13 creatures vanquished.

Grand Total: 715 creatures vanquished

Notes
Turn   | Place    | Note
--------------------------------------------------------------
     0 | D:1      | Peloso the Minotaur Fighter began the quest for the Orb.
     0 | D:1      | Reached XP level 1. HP: 19/19 MP: 0/0
   179 | D:1      | Reached XP level 2. HP: 22/27 MP: 1/1
   265 | D:1      | Reached skill level 4 in Armour
   494 | D:1      | Reached XP level 3. HP: 33/33 MP: 2/2
   687 | D:2      | Noticed Terence
   702 | D:2      | Killed Terence
   702 | D:2      | Reached skill level 1 in Dodging
   727 | D:2      | Reached XP level 4. HP: 14/40 MP: 3/3
  1871 | D:2      | Noticed Ijyb
  1944 | D:2      | Killed Ijyb
  1944 | D:2      | Reached XP level 5. HP: 34/46 MP: 4/4
  1999 | D:2      | Identified a +2 pair of boots of running (You found it on level 2 of the Dungeon)
  2370 | D:3      | Reached skill level 5 in Shields
  2799 | D:3      | Found a basalt altar of Yredelemnul.
  2869 | D:4      | Noticed Pikel
  2869 | D:4      | Noticed a slave
  2869 | D:4      | Noticed a slave
  2869 | D:4      | Noticed a slave
  2872 | D:4      | Noticed a slave
  2902 | D:4      | Killed Pikel
  2902 | D:4      | Reached skill level 5 in Fighting
  2902 | D:4      | Reached skill level 6 in Armour
  2902 | D:4      | Reached XP level 6. HP: 14/56 MP: 5/5
  2902 | D:4      | Reached XP level 7. HP: 15/61 MP: 6/6
  2910 | D:4      | Killed a freed slave
  3216 | D:4      | Found Huon's Weapon Boutique.
  3472 | D:4      | Found a snail-covered altar of Cheibriados.
  3569 | D:4      | Noticed an ogre
  3582 | D:4      | Killed an ogre
  3652 | D:5      | Entered Level 5 of the Dungeon
  3652 | D:5      | Found Emixis's Gadget Shop.
  3686 | D:5      | Reached XP level 8. HP: 52/69 MP: 7/7
  3713 | D:5      | Noticed Edmund
  3735 | D:5      | Killed Edmund
  3735 | D:5      | Reached skill level 7 in Armour
  3751 | D:5      | Noticed Sigmund
  3781 | D:5      | Killed Sigmund
  3781 | D:5      | Reached skill level 5 in Long Blades
  4015 | D:5      | Found a staircase to the Ecumenical Temple.
  4108 | Temple   | Entered the Ecumenical Temple
  4540 | D:5      | Noticed Blork the orc
  4560 | D:5      | Killed Blork the orc
  4560 | D:5      | Reached skill level 5 in Dodging
  4640 | D:5      | Found a burning altar of Makhleb.
  4760 | D:5      | Reached skill level 8 in Shields
  4919 | D:5      | Noticed Crazy Yiuf
  4924 | D:5      | Killed Crazy Yiuf
  5037 | D:6      | Found a deep blue altar of Sif Muna.
  5100 | D:6      | Reached XP level 9. HP: 73/78 MP: 8/8
  5157 | D:6      | Found an ancient bone altar of Kikubaaqudgha.
  5199 | D:6      | Found a sparkling altar of Nemelex Xobeh.
  5664 | D:7      | Reached skill level 1 in Stealth
  5668 | D:7      | Noticed CcS's ghost (novice OpTm)
  5685 | D:7      | Killed CcS's ghost
  6015 | D:7      | Found a shattered altar of Ashenzari.
  6127 | D:7      | Noticed Menkaure
  6138 | D:7      | Killed Menkaure
  6138 | D:7      | Reached skill level 9 in Shields
  6497 | D:7      | Found a radiant altar of Vehumet.
  6817 | D:8      | Found a shimmering altar of Xom.
  7069 | D:8      | Found a staircase to the Lair.
  7069 | D:8      | Noticed an elephant
  7094 | D:8      | Killed an elephant
  7100 | D:8      | Reached skill level 10 in Shields
  7323 | D:8      | Reached XP level 10. HP: 85/88 MP: 9/9
  7396 | D:8      | Found a sacrificial altar of Ru.
  8854 | D:9      | Noticed Erica
  8876 | D:9      | Killed Erica
  8926 | D:9      | Reached skill level 11 in Shields
  8964 | D:9      | Noticed Grum
  8969 | D:9      | Killed Grum
  9035 | D:9      | Noticed Erolcha
  9043 | D:9      | Killed Erolcha
  9043 | D:9      | Reached skill level 10 in Armour
  9161 | D:9      | Found an iron altar of Okawaru.
  9171 | D:9      | Became a worshipper of Warmaster Okawaru
  9324 | D:9      | Found Laras's Magic Scroll Boutique.
  9331 | D:9      | Bought a scroll of magic mapping for 42 gold pieces
  9378 | D:10     | Entered Level 10 of the Dungeon
  9396 | D:10     | Reached XP level 11. HP: 93/95 MP: 10/10
  9638 | D:10     | Reached skill level 10 in Long Blades
 10022 | D:11     | Noticed a hill giant
 10047 | D:11     | Killed a hill giant
 10095 | D:10     | Noticed a hill giant
 10101 | D:10     | Killed a hill giant
 10282 | D:10     | Reached * piety under Okawaru
 10396 | D:11     | Found Awijude's Assorted Antiques.
 10833 | D:11     | Noticed a centaur warrior
 10843 | D:11     | Killed a centaur warrior
 10843 | D:11     | Reached ** piety under Okawaru
 10843 | D:11     | Reached skill level 12 in Shields
 11111 | D:11     | Noticed a six-headed hydra
 11126 | D:11     | Killed a two-headed hydra
 11174 | D:11     | Reached skill level 10 in Fighting
 11201 | D:11     | Noticed a hill giant
 11206 | D:11     | Killed a hill giant
 11206 | D:11     | Reached *** piety under Okawaru
 11488 | D:12     | Noticed a hill giant
 11494 | D:12     | Killed a hill giant
 11552 | D:12     | Found a staircase to the Orcish Mines.
 11943 | D:12     | Reached XP level 12. HP: 104/107 MP: 11/11
 12032 | D:12     | Reached **** piety under Okawaru
 12084 | D:12     | Noticed an unseen horror
 12091 | D:12     | Killed an unseen horror
 12091 | D:12     | Reached skill level 13 in Shields
 12216 | D:12     | Noticed Maurice
 12239 | D:12     | Killed Maurice
 12259 | D:12     | Reached ***** piety under Okawaru
 12373 | D:12     | Noticed a hill giant
 12380 | D:12     | Killed a hill giant
 12632 | D:13     | Noticed a six-headed hydra
 12642 | D:13     | Killed a one-headed hydra
 12945 | D:13     | Noticed a centaur warrior
 12962 | D:13     | Killed a centaur warrior
 13020 | D:13     | Noticed Nessos
 13392 | D:13     | Killed Nessos
 13392 | D:13     | Received a gift from Okawaru
 14017 | D:13     | Reached skill level 14 in Shields
 14039 | D:13     | Noticed Azrael
 14057 | D:13     | Reached skill level 1 in Invocations
 14154 | D:13     | Killed Azrael
 14170 | D:13     | Reached XP level 13. HP: 108/116 MP: 6/13
 14755 | Orc:1    | Entered Level 1 of the Orcish Mines
 14941 | Orc:1    | Noticed Fannar
 14964 | Orc:1    | Killed Fannar
 15068 | Orc:1    | Noticed Nergalle
 15083 | Orc:1    | Killed Nergalle
 15295 | Orc:2    | Noticed Harold
 15295 | Orc:2    | Noticed Gastronok
 15320 | Orc:1    | Killed Harold
 15632 | Orc:2    | Killed Gastronok
 15967 | Orc:3    | Found a staircase to the Elven Halls.
 16090 | Orc:3    | Noticed an orc warlord
 16156 | Orc:3    | Killed an orc warlord
 16850 | Orc:4    | Entered Level 4 of the Orcish Mines
 16939 | Orc:4    | Found Redep's Book Emporium.
 17012 | Orc:4    | Found Berimew's Armour Emporium.
 17019 | Orc:4    | Found Oruuc's Assorted Antiques.
 17617 | Orc:4    | Reached skill level 15 in Shields
 18619 | Orc:4    | Found Neegosib's Assorted Antiques.
 18887 | Orc:4    | Found Hurruro's Magic Scroll Boutique.
 18889 | Orc:4    | Found Fonyduv's Armour Shop.
 18908 | Orc:4    | Reached skill level 15 in Long Blades
 18912 | Orc:4    | Found Ifeosm's Food Boutique.
 18913 | Orc:4    | Found Gawocs's Antique Weapon Boutique.
 19154 | Orc:2    | Found Zahiwo Peyts's Jewellery Boutique.
 20238 | D:13     | Reached XP level 14. HP: 102/127 MP: 14/14
 20311 | D:13     | Received a gift from Okawaru
 20314 | D:13     | Got an ivory scimitar {god gift}
 20315 | D:13     | Identified the +2 scimitar of Evisceration {speed, Int+2} (Okawaru gifted it to you on level 13 of the Dungeon)
 20332 | D:13     | Identified 3 scrolls of acquirement
 20335 | D:13     | Got a twisted hat
 20346 | D:13     | Identified the -2 hat of the Soldier {rC+ MP-9 Int+4} (You acquired it on level 13 of the Dungeon)
 20376 | D:13     | Got a transparent cloak
 20387 | D:13     | Identified the +0 cloak "Oclenuq" {-Tele rPois rN+++ Regen+} (You acquired it on level 13 of the Dungeon)
 20593 | D:14     | Found a gate to the Vaults.
 20700 | D:14     | Noticed Snorg
 20712 | D:14     | Killed Snorg
 20751 | D:14     | Found a shimmering altar of Xom.
 20944 | D:14     | Noticed Josephine
 20960 | D:14     | Killed Josephine
 20960 | D:14     | Reached skill level 16 in Shields
 21305 | D:14     | Noticed Kirke
 21330 | D:14     | Received a gift from Okawaru
 21351 | D:14     | Killed Kirke
 21351 | D:14     | Reached ****** piety under Okawaru
 21556 | D:14     | Noticed an eight-headed hydra
 21562 | D:14     | Killed a five-headed hydra
 21865 | D:15     | Entered Level 15 of the Dungeon
 21872 | D:15     | Got a crystal trident
 21873 | D:15     | Identified the +1 trident of Pegyu {holy, +Inv rN+ SInv Stlth+} (You found it on level 15 of the Dungeon)
 22134 | D:15     | Found a staircase to the Depths.
 22183 | D:15     | Slain by an ettin skeleton

Action                   |  1- 3 |  4- 6 |  7- 9 | 10-12 | 13-15 || total
-------------------------+-------+-------+-------+-------+-------++-------
Melee: Long sword        |    80 |   166 |   372 |   122 |       ||   740
       Scimitar          |       |       |       |   628 |  1148 ||  1776
       Morningstar       |       |       |       |     5 |       ||     5
Invok: Heroism           |       |       |       |     3 |     6 ||     9
       Finesse           |       |       |       |     3 |       ||     3
 Abil: Evoke Flight      |       |       |       |     1 |       ||     1
Evoke: Wand              |       |       |       |     2 |     1 ||     3
  Use: Scroll            |       |     6 |       |    13 |     8 ||    27
       Potion            |       |     1 |       |       |     2 ||     3
  Eat: Chunk             |       |     6 |    13 |    20 |    26 ||    65
       Fruit             |       |     1 |       |       |       ||     1
       Beef jerky        |       |       |       |     2 |       ||     2
       Pizza             |       |       |       |     1 |       ||     1
